 Dungeon Crawl Stone Soup version 0.28-a0-249-g9004c80361 (webtiles) character file.

Game seed: 10987835536864414555

1904 sorkRocket the Grappler (level 8, -1/79 HPs)
             Began as a Troll Berserker on Aug 26, 2021.
             Was a Believer of Trog.
             Slain by a water moccasin (2 damage)
             ... on level 7 of the Dungeon.
             The game lasted 00:12:14 (3206 turns).

sorkRocket the Grappler (Troll Berserker)           Turns: 3206, Time: 00:12:14

Health: -1/79      AC:  4    Str: 28    XL:     8   Next: 94%
Magic:  7/7        EV: 11    Int:  3    God:    Trog [**....]
Gold:   212        SH:  0    Dex:  9    Spells: 7/7 levels left

rFire   . . .      SeeInvis .     - Unarmed
rCold   . . .      Faith    .   (no shield)
rNeg    . . .      Spirit   .   a - +0 animal skin
rPois   .          Reflect  .   (helmet restricted)
rElec   .          Harm     .   (no cloak)
rCorr   .          Rampage  .   (gloves unavailable)
Will    .....                   (boots unavailable)
Stlth   +.........              (no amulet)
HPRegen 1.23/turn               (no ring)
MPRegen 0.10/turn               (no ring)

@: lethally poisoned (-1 -> -11)
A: large, unfitting armour, claws 3, regeneration 1, shaggy fur 1, tough skin 1
a: Renounce Religion, Berserk, Trog's Hand


You were on level 7 of the Dungeon.
You worshipped Trog.
Trog was pleased with you.
You visited 1 branch of the dungeon, and saw 7 of its levels.

You collected 212 gold pieces.

Inventory:

Hand Weapons
 l - a +0 shortbow
 n - a +0 long sword
Missiles
 h - 100 stones (quivered)
 m - 35 arrows
 u - 7 boomerangs
Armour
 a - a +0 animal skin (worn)
 y - +0 steam dragon scales
Jewellery
 s - a +6 ring of intelligence
Wands
 i - a wand of polymorph (13)
 p - a wand of acid (20)
 r - a wand of digging (4)
 t - a wand of paralysis (8)
Scrolls
 c - a scroll of amnesia {unknown}
 d - 2 scrolls of immolation {unknown}
 g - 2 scrolls of teleportation {unknown}
 o - a scroll of enchant armour {unknown}
 q - 2 scrolls of fog {unknown}
 v - 3 scrolls of holy word {unknown}
 w - a scroll of noise {unknown}
Potions
 b - a potion of haste {unknown}
 e - 2 potions of degeneration {unknown}
 f - 2 potions of ambrosia {unknown}
 j - a potion of resistance {unknown}
 k - 2 potions of might {unknown}
 x - a potion of curing {unknown}


   Skills:
 + Level 4.6 Fighting
 + Level 5.1 Dodging
 + Level 1.2 Stealth
 + Level 9.3 Unarmed Combat


You had 7 spell levels left.
You didn't know any spells.
Your spell library was empty.

Dungeon Overview and Level Annotations

Branches:
Dungeon (7/15)             Temple (0/1) D:6

Altars:
Ru
The Shining One


Innate Abilities, Weirdness & Mutations

You are too large for most types of armour.
You have claws for hands.
Your natural rate of healing is unusually fast.
You are covered in fur. (AC +1)
You have tough skin. (AC +1)


Message History

The gnoll sergeant is lightly wounded.
The water moccasin bites you.
You are poisoned.
The water moccasin poisons you!
The gnoll sergeant hits you with a +2 spear of venom!
You are more poisoned.
The water moccasin closely misses you.
The gnoll hits you from afar with a +0 halberd.
You closely miss the gnoll sergeant.
The gnoll sergeant is lightly wounded.
You feel extremely sick. The gnoll sergeant misses you.
A gnoll comes into view. It is wielding a +0 halberd.
The water moccasin misses you.
You scratch the gnoll sergeant.
The gnoll sergeant is moderately wounded.
You feel very sick. The gnoll closely misses you.
The gnoll sergeant hits you with a +2 spear of venom.
You are more poisoned.
The water moccasin bites you but does no damage.
You claw the gnoll sergeant!
The gnoll sergeant is severely wounded.
You feel extremely sick.
The gnoll hits you from afar with a +0 halberd.
* * * LOW HITPOINT WARNING * * *
The water moccasin misses you. The gnoll sergeant barely misses you.
You claw the gnoll sergeant!
You kill the gnoll sergeant!
Trog accepts your kill.
* * * LOW HITPOINT WARNING * * *
You feel very sick.
The water moccasin completely misses you.
The gnoll hits you from afar with a +0 halberd!
* * * LOW HITPOINT WARNING * * *
Unknown command.
* * * LOW HITPOINT WARNING * * *
You feel very sick. The water moccasin bites you.
You die...

#..# ##.###....)...... #..#
##...)...... ..# #.#
#.####.#### ### ..# #.# #.#
#.# # !.##.# #.# #.# #.# #
#.#.# #.# #.# ##.####
#..####.####.# #......
#..#.g.....[##)###..#### ###
#gg.##.gS@............####
#.# ####
##................... #.# #.#
#####.#..#.####.###. #.#
#.########......# #.# #.#
#...............# #.# #.#
###########.#...####.# #.#
#.#........#
#.################.#...###..#
#...............##.#...#
#..##


You could see a water moccasin and 2 gnolls.

Vanquished Creatures
  Pikel (D:7)
  A steam dragon (D:7)
  2 orc warriors (D:7)
  An ice beast (D:7)
  An ogre (D:6)
  A necrophage (D:6)
  A centaur (D:5)
  2 lemures (D:7)
  A gnoll sergeant (D:7)
  A wyvern zombie (D:7)
  A water moccasin zombie (D:5)
  A wyvern skeleton (D:7)
  A water moccasin skeleton (D:4)
  2 bullfrog zombies
  A hound (D:6)
  2 centaur zombies
  An orc priest (D:7)
  2 jellies (D:7)
  A bullfrog skeleton (D:7)
  An iguana (D:6)
  4 orc wizards
  A hound skeleton (D:5)
  4 gnolls
  An adder (D:3)
  2 white imps (D:5)
  A dart slug (D:3)
  13 orcs
  An endoplasm (D:3)
  A giant cockroach (D:2)
  A quokka (D:2)
  2 ball pythons (D:3)
  4 bats
  4 kobolds
  A rat (D:3)
65 creatures vanquished.

Notes
Turn   | Place    | Note
-------+----------+-------------------------------------------
     0 | D:1      | sorkRocket the Troll Berserker began the quest for the Orb.
     0 | D:1      | Reached XP level 1. HP: 22/22 MP: 0/0
   217 | D:3      | Reached XP level 2. HP: 28/29 MP: 1/1
   368 | D:3      | Found a sacrificial altar of Ru.
   401 | D:3      | Reached XP level 3. HP: 31/36 MP: 2/2
   545 | D:4      | Reached skill level 4 in Unarmed Combat
   545 | D:4      | Reached XP level 4. HP: 45/45 MP: 3/3
   674 | D:5      | Entered Level 5 of the Dungeon
   769 | D:5      | Reached XP level 5. HP: 49/53 MP: 4/4
   910 | D:5      | Reached skill level 5 in Unarmed Combat
  1031 | D:5      | Noticed a centaur
  1043 | D:5      | Killed a centaur
  1044 | D:5      | Reached XP level 6. HP: 7/61 MP: 5/5
  1174 | D:6      | Reached ** piety under Trog
  1288 | D:6      | Reached skill level 6 in Unarmed Combat
  1288 | D:6      | Reached XP level 7. HP: 65/67 MP: 6/6
  1322 | D:6      | Found a glowing golden altar of the Shining One.
  1513 | D:6      | Found a staircase to the Ecumenical Temple.
  1581 | D:7      | Noticed a steam dragon
  1585 | D:7      | Killed a steam dragon
  1629 | D:7      | Reached skill level 7 in Unarmed Combat
  2028 | D:7      | Reached XP level 8. HP: 31/78 MP: 7/7
  2110 | D:7      | Noticed Pikel
  2123 | D:7      | Killed Pikel
  2123 | D:7      | HP: 3/78 [orc warrior/boomerang of dispersal (13)]
  2124 | D:7      | Reached skill level 1 in Stealth
  2124 | D:7      | Reached skill level 8 in Unarmed Combat
  2200 | D:7      | Reached skill level 5 in Dodging
  2478 | D:7      | Reached skill level 9 in Unarmed Combat
  3206 | D:7      | HP: 1/79 [poisoned by a gnoll sergeant]
  3206 | D:7      | Slain by a water moccasin

Illustrated notes

Levels and vault maps discovered:
D:1:      minmay_arrival_jagged, layout_basic,
          dilly_ecumenical_altar_fadedgnrine, lexackson_kobold_supper
D:2:      layout_loops_ring, minmay_tromino_mix6
D:3:      layout_rooms, nicolae_ru_great_annihilating_truth,
          mainiacjoe_overflow_small_starburst, bh_walls_and_bars
D:4:      layout_rooms, serial_bayou_pond_a
D:5:      layout_cave_pods
D:6:      layout_loops_ring, amcnicky_altar_gilded, minmay_temple_entry_ruins,
          minivault_10
D:7:      layout_loops_ring, marbit_many_paths, uniq_crazy_yiuf_cottage,
          uniq_pikel

Skill      XL: |  1  2  3  4  5  6  7  8 |
---------------+-------------------------+-----
Dodging        | 3 4 5 |  5.1
Fighting       | 3 4 |  4.6
Unarmed Combat | 4 5 6 7 9 |  9.3
Stealth        | 1 |  1.2

Action                   |  1- 3 |  4- 6 |  7- 9 || total
-------------------------+-------+-------+-------++-------
Melee: Unarmed           |    52 |    54 |   110 ||   216
       Punch             |       |     2 |     4 ||     6
Armor: Animal skin       |    33 |    21 |    35 ||    89
Dodge: Dodged            |    65 |    30 |    46 ||   141

Table legend: (Time is in decaauts)
 A = Elapsed time spent in this place.
 B = Non-inter-level travel time spent in this place.
 C = Inter-level travel time spent in this place.
 D = Time resting spent in this place.
 E = Time spent auto-exploring this place.
 F = Levels seen in this place.
 G = Mean time per level.
                   A        B        C        D        E       F      G
               +--------+--------+--------+--------+--------+-----+--------+
         Total |   3179 |   3179 |      0 |    307 |      0 |   7 |  454.1 |
       Dungeon |   3179 |   3179 |      0 |    307 |      0 |   7 |  454.1 |
               +--------+--------+--------+--------+--------+-----+--------+

Top non-repeatable levels by time:
     D:7: 1609 daAuts
     D:5: 450 daAuts
     D:6: 449 daAuts
     D:3: 328 daAuts
     D:2: 199 daAuts
     D:4: 133 daAuts
     D:1: 8 daAuts
